 Dungeon Crawl Stone Soup version 0.26-a0-597-gb535b0901c (webtiles) character file.

Game seed: 4805494346503949093

1577 HoaS the Cruncher (level 9, -1/64 HPs)
             Began as a Formicid Fighter on Aug 28, 2020.
             Slain by an orc warrior
             ... wielding a +0 glaive
              (9 damage)
             ... on level 6 of the Dungeon.
             The game lasted 00:12:15 (5580 turns).

HoaS the Cruncher (Formicid Fighter)                Turns: 5580, Time: 00:12:16

Health: -1/64      AC: 11    Str: 23    XL:     9   Next: 14%
Magic:  9/9        EV:  5    Int:  9    God:
Gold:   352        SH: 17    Dex: 10    Spells: 8/8 levels left

rFire    . . .     SeeInvis +   a - +1 quarterstaff
rCold    . . .     Faith    .   b - +1 tower shield
rNeg     . . .     Spirit   .   q - +0 chain mail
rPois    .         Reflect  .   (helmet unavailable)
rElec    .         Harm     .   k - +0 cloak
rCorr    +                      (no gloves)
MR       +....                  m - +0 pair of boots
Stlth    ..........             g - amulet of the acrobat
HPRegen  0.20/turn              p - ring of resist corrosion (curse)
MPRegen  0.11/turn              d - ring of protection from magic

@: no status effects
A: permanent stasis, dig shafts and tunnels, four strong arms, antennae 3
a: Dig, Shaft Self


You were on level 6 of the Dungeon.
You visited 2 branches of the dungeon, and saw 7 of its levels.

You collected 352 gold pieces.

Inventory:

Hand Weapons
 a - a +1 quarterstaff (weapon)
Armour
 b - a +1 tower shield (worn)
 k - a +0 cloak (worn)
 m - a +0 pair of boots (worn)
 q - a +0 chain mail (worn)
Jewellery
 d - a ring of protection from magic (right hand)
 g - an amulet of the acrobat (around neck)
 p - a cursed ring of resist corrosion (left hand)
Wands
 r - a wand of digging (7)
Scrolls
 c - a scroll of magic mapping
 f - a scroll of enchant weapon
 l - 2 scrolls of fog
 n - 2 scrolls of identify
 o - 2 scrolls of remove curse
Potions
 e - 3 potions of curing
 h - a potion of lignification
 i - a potion of resistance {unknown}
 j - a potion of heal wounds
 s - 2 potions of degeneration {unknown}
 t - a potion of mutation {unknown}
 u - a potion of invisibility {unknown}


   Skills:
 - Level 3.2 Fighting
 * Level 9.1 Staves
 - Level 3.2 Armour
 + Level 8.3 Shields


You had 8 spell levels left.
You didn't know any spells.
Your spell library was empty.

Dungeon Overview and Level Annotations

Branches:
Dungeon (6/15)             Temple (1/1) D:4

Altars:
Ashenzari
Cheibriados
Dithmenos
Elyvilon
Fedhas
Gozag
Hepliaklqana
Kikubaaqudgha
Qazlal
Ru
Trog
Uskayaw
Vehumet
Wu Jian
Zin
The Shining One

Shops:
D:4 [


Innate Abilities, Weirdness & Mutations

You cannot be hasted, slowed, berserked, paralysed or teleported.
You can dig through walls and to a lower floor.
Your four strong arms can wield two-handed weapons with a shield.
You have a pair of large antennae on your head. (SInv)


Message History

The orc warrior is moderately wounded.
The orc warrior hits you with a +0 glaive!!
You closely miss the orc warrior.
The orc warrior is moderately wounded.
You hit the orc warrior.
The orc warrior is moderately wounded.
You block the orc warrior's attack.
You hit the orc warrior.
The orc warrior is heavily wounded.
The orc warrior hits you with a +0 glaive!!
You thump the orc warrior!
The orc warrior is almost dead.
You barely miss the orc warrior.
The orc warrior is almost dead.
The orc warrior hits you with a +0 glaive!
* * * LOW HITPOINT WARNING * * *
You hit the orc warrior.
The orc warrior is almost dead.
The orc warrior hits you with a +0 glaive!
You die...

#..#####..#.##..
...............
..............
.............
...)....#.#.#
...####.#<#.##.#
...............#
...####.#.#.##.#
#@#.#.# #o#.#.#
.S....oSo......
>#.............
#.######.#.###
.o { ..#.# .. ##


You could see an orc warrior, an adder and 2 orcs.

Vanquished Creatures
  Menkaure (D:5)
  A water moccasin (D:5)
  Duvessa (D:4)
  A sky beast (D:5)
  A phantom (D:5)
  5 ogres
  Dowan (D:4)
  3 scorpions
  A jelly (D:3)
  2 hounds (D:4)
  2 orc wizards
  A bullfrog skeleton (D:4)
  5 worker ants
  The ghost of EnegeticOcto the Shield-Bearer, a weakling DDFi (D:4)
  A hound skeleton (D:4)
  10 adders
  3 ufetubi
  An adder skeleton (D:4)
  A worm (D:3)
  A dart slug (D:2)
  2 leopard geckos
  8 orcs
  3 giant cockroaches
  6 goblins
  5 hobgoblins
  3 jackals (D:5)
  7 kobolds
  2 ball pythons (D:3)
  5 bats
  2 frilled lizards
  A quokka skeleton (D:5)
  3 rats
90 creatures vanquished.

Vanquished Creatures (others)
  8 plants (D:3)
8 creatures vanquished.

Grand Total: 98 creatures vanquished

Notes
Turn   | Place    | Note
-------+----------+-------------------------------------------
     0 | D:1      | HoaS the Formicid Fighter began the quest for the Orb.
     0 | D:1      | Reached XP level 1. HP: 18/18 MP: 1/1
   148 | D:1      | Reached XP level 2. HP: 24/24 MP: 2/2
   845 | D:2      | Reached skill level 3 in Staves
   845 | D:2      | Reached XP level 3. HP: 23/29 MP: 3/3
   846 | D:2      | Noticed a scorpion
   858 | D:2      | Killed a scorpion
   858 | D:2      | Reached XP level 4. HP: 28/35 MP: 4/4
  1317 | D:2      | Reached skill level 4 in Staves
  1486 | D:3      | Reached XP level 5. HP: 41/41 MP: 5/5
  1878 | D:3      | Reached skill level 5 in Shields
  2392 | D:3      | Found a faded altar of an unknown god.
  2623 | D:4      | Reached XP level 6. HP: 44/47 MP: 6/6
  2629 | D:4      | Reached skill level 5 in Staves
  2828 | D:4      | Noticed an ogre
  2843 | D:4      | Killed an ogre
  2869 | D:4      | Found Moefih's Antique Armour Shoppe.
  2916 | D:4      | Found a staircase to the Ecumenical Temple.
  2965 | Temple   | Entered the Ecumenical Temple
  3166 | D:4      | Noticed an ogre
  3187 | D:5      | Entered Level 5 of the Dungeon
  3187 | D:5      | Noticed Menkaure
  3199 | D:5      | Reached XP level 7. HP: 16/52 MP: 7/7
  3207 | D:5      | Killed Menkaure
  3207 | D:5      | Reached skill level 6 in Staves
  3484 | D:4      | Reached skill level 7 in Staves
  3484 | D:4      | Reached XP level 8. HP: 56/58 MP: 8/8
  3871 | D:4      | Found a runed translucent door.
  3876 | D:4      | Noticed EnegeticOcto's ghost (weakling DDFi)
  3895 | D:4      | Killed EnegeticOcto's ghost
  4045 | D:4      | Noticed Dowan
  4050 | D:4      | Noticed Duvessa
  4079 | D:4      | Killed Duvessa
  4091 | D:4      | HP: 1/58 [Dowan/shard of ice (8)]
  4402 | D:4      | Killed Dowan
  4426 | D:4      | HP: 2/58 [poisoned by Dowan]
  4433 | D:4      | HP: 2/58 [poisoned by Dowan]
  4441 | D:4      | HP: 1/58 [poisoned by Dowan]
  4803 | D:4      | Reached skill level 8 in Staves
  5164 | D:5      | Reached XP level 9. HP: 57/64 MP: 9/9
  5218 | D:5      | Reached skill level 9 in Staves
  5580 | D:6      | Slain by an orc warrior

Illustrated notes

Levels and vault maps discovered:
D:1:      minmay_arrival_hallway, layout_loops_ring, chequers_arboretum,
          minmay_distorted
D:2:      layout_basic, minmay_misc_feat_encased
D:3:      layout_loops_ring, chequers_ecumenical_altar_lobes
D:4:      kennysheep_spiral_hall, layout_basic, minmay_temple_entry_water_ring,
          gammafunk_ghost_grave, serial_shops, nicolae_shop_behind_doors,
          uniq_duvessa
D:5:      minmay_general_purpose_star, layout_loops_ring, st_stairs_14,
          uniq_menkaure
D:6:      layout_basic, makhleb_altar_promises_db, grunt_temple_overflow_open,
          serial_shops, shop, fedhas_ov_isle_minmay
Temple:   nicolae_temple_elliptical

Skill      XL: |  1  2  3  4  5  6  7  8  9 |
---------------+----------------------------+-----
Shields        | 4 5 6 8 |  8.3
Staves         | 3 4 5 7 8 9 |  9.1
Fighting       | |  3.2
Armour         | |  3.2

Action                   |  1- 3 |  4- 6 |  7- 9 || total
-------------------------+-------+-------+-------++-------
Melee: Quarterstaff      |    75 |   144 |   218 ||   437
 Abil: Dig               |       |     2 |     2 ||     4
  Use: Scroll            |     3 |     9 |     3 ||    15
       Potion            |       |     1 |     2 ||     3
Armor: Scale mail        |    31 |    24 |       ||    55
       Chain mail        |       |    22 |    39 ||    61
Dodge: Dodged            |    21 |    45 |    24 ||    90
Block: Kite shield       |    34 |    37 |       ||    71
       Tower shield      |       |    42 |   140 ||   182

Table legend: (Time is in decaauts)
 A = Elapsed time spent in this place.
 B = Non-inter-level travel time spent in this place.
 C = Inter-level travel time spent in this place.
 D = Time resting spent in this place.
 E = Time spent auto-exploring this place.
 F = Levels seen in this place.
 G = Mean time per level.
                   A        B        C        D        E       F      G
               +--------+--------+--------+--------+--------+-----+--------+
         Total |   5629 |   5470 |    159 |   1350 |   2984 |   7 |  804.1 |
       Dungeon |   5448 |   5289 |    159 |   1350 |   2844 |   6 |  908.0 |
        Temple |    180 |    180 |      0 |      0 |    140 |   1 |  180.0 |
               +--------+--------+--------+--------+--------+-----+--------+

Top non-repeatable levels by time:
     D:4: 1601 daAuts
     D:3: 1366 daAuts
     D:5: 923 daAuts
     D:1: 834 daAuts
     D:2: 694 daAuts
  Temple: 180 daAuts
     D:6: 28 daAuts
